AoeStats
← tcesurya

Black Forest

503996839Analyzed
1v1 RM · 28d ago on Sep 3, 2026· 44m 28s· 2 players
Game mode
Random Map
Map size
Tiny (2 player)
Population
200
Speed
Normal
Resources
Standard
Victory
Conquest
Starting age
Dark Age
Ending age
Imperial Age
RankedLock teamsTeams togetherTeam positionsShared explorationLock speedFull tech treeHidden civsTurbo modeCheats
Victory
Defeat
🇮🇳 Britons · India
903
+16
🇨🇿 Britons · Czechia
905
-16
tcesurya
11:10 Loom
13:41 Feudal Age
15:12 Double-Bit Axe
20:58 Castle Age
21:55 Forging
25:33 Iron Casting
24:42 Man-at-Arms
30:32 Long Swordsman
32:53 Horse Collar
33:40 Gambesons
33:42 Arson
34:01 Scale Mail Armor
33:55 Elite Skirmisher
40:28 Imperial Age
43:32 Two-Handed Swordsman
Nightfury
7:22 Loom
10:45 Feudal Age
9:01 Loom
11:57 Double-Bit Axe
18:06 Castle Age
17:52 Stone Mining
17:46 Horse Collar
19:46 Padded Archer Armor
22:42 Fletching
23:56 Crossbowman
27:30 Forging
30:01 Wheelbarrow
29:20 Gold Mining
31:17 Hand Cart
31:49 Bodkin Arrow
36:57 Imperial Age
34:39 Pikeman
38:26 Murder Holes
38:23 Heated Shot
38:54 Ballistics
39:38 Chemistry
41:02 Iron Casting
40:45 Bow Saw
Connection lost

Rejoining the realm…

Still unreachable

The connection could not be restored.

Session expired

The server has moved on; the page needs a fresh start.